 Dungeon Crawl Stone Soup version 0.24.0-1-gfbc8707 (webtiles) character file.

Game seed: 4353448150564449227, levelgen mode: deterministic

631 DrKleor the Slasher (level 7, -3/56 HPs)
             Began as a Formicid Fighter on Nov 7, 2019.
             Slain by a killer bee (4 damage)
             ... on level 4 of the Dungeon.
             The game lasted 00:09:13 (3785 turns).

DrKleor the Slasher (Formicid Fighter)              Turns: 3785, Time: 00:09:15

Health: -3/56      AC:  8    Str: 27    XL:     7   Next: 78%
Magic:  7/7        EV:  8    Int:  8    God:
Gold:   117        SH: 10    Dex: 10    Spells: 6/6 levels left

rFire    . . .     SeeInvis +   a - +0 long sword
rCold    . . .     Gourm    .   c - +0 shield
rNeg     . . .     Faith    .   b - +0 scale mail
rPois    .         Spirit   .   (helmet unavailable)
rElec    .         Reflect  .   (no cloak)
rCorr    .         Harm     .   h - +0 pair of gloves
MR       .....                  (no boots)
Stlth    ..........             p - amulet of rage
HPRegen  0.18/turn              u - ring of teleportation (curse)
MPRegen  0.10/turn              (no ring)

@: mighty, lethally poisoned (-3 -> -22)
A: permanent stasis, dig shafts and tunnels, four strong arms, antennae 3
a: Dig, Shaft Self


You were on level 4 of the Dungeon.
You were very hungry.

You visited 2 branches of the dungeon, and saw 5 of its levels.

You collected 117 gold pieces.

Inventory:

Hand Weapons
 a - a +0 long sword (weapon)
Armour
 b - a +0 scale mail (worn)
 c - a +0 shield (worn)
 h - a +0 pair of gloves (worn)
Jewellery
 p - an amulet of rage (around neck)
 u - a cursed ring of teleportation (left hand)
Wands
 t - a wand of flame (11)
 z - a wand of random effects (23)
Scrolls
 e - 5 scrolls of teleportation {unknown}
 i - 3 scrolls of remove curse {unknown}
 l - 5 scrolls of identify {unknown}
 q - a scroll of enchant weapon {unknown}
 v - a scroll of immolation {unknown}
 w - 2 scrolls of enchant armour {unknown}
 y - a scroll of noise {unknown}
Potions
 j - a potion of resistance {unknown}
 k - a potion of magic {unknown}
 m - 2 potions of ambrosia {unknown}
 n - a potion of berserk rage {unknown}
 o - a potion of haste {unknown}
 r - 2 potions of cancellation {unknown}
 s - a potion of flight {unknown}
 x - a potion of heal wounds {unknown}
Comestibles
 f - 5 rations


   Skills:
 - Level 5.0 Fighting
 + Level 7.3 Long Blades
 - Level 3.2 Armour
 - Level 3.6 Shields


You had 6 spell levels left.
You didn't know any spells.
Your spell library was empty.

Dungeon Overview and Level Annotations

Branches:
Dungeon (4/15)             Temple (1/1) D:4

Altars:
Ashenzari
Cheibriados
Hepliaklqana
Kikubaaqudgha
Makhleb
Nemelex Xobeh
Qazlal
Trog
Uskayaw
Vehumet
The Shining One


Innate Abilities, Weirdness & Mutations

You cannot be hasted, slowed, berserked, paralysed or teleported.
You can dig through walls and to a lower floor.
Your four strong arms can wield two-handed weapons with a shield.
You have a pair of large antennae on your head. (SInv)


Message History

* * * LOW HITPOINT WARNING * * *
You feel better. The killer bee barely misses you. The killer bee stings you.
* * * LOW HITPOINT WARNING * * *
You are poisoned.
The killer bee poisons you!
You miss the killer bee.
You feel sick. The killer bee barely misses you.
You block the killer bee's attack.
You barely miss the killer bee.
You feel sick.
The killer bee stings you but does no damage. x2
The killer bee stings you.
* * * LOW HITPOINT WARNING * * *
You are lethally poisoned!
The killer bee poisons you!
You closely miss the killer bee.
* * * LOW HITPOINT WARNING * * *
You feel sick. The killer bee stings you.
* * * LOW HITPOINT WARNING * * *
You are more poisoned.
The killer bee poisons you! The killer bee stings you.
You die...

....>...........##
...............##
.###..........##
.###............
.................
....≈≈≈≈≈.......#
..≈≈≈≈≈≈≈≈≈....##
≈≈≈≈≈≈≈≈≈≈≈≈≈..### .#
≈≈≈≈≈≈≈≈≈≈≈≈≈≈.#@# .
≈≈≈≈≈...≈≈≈≈≈≈.y## .#
≈≈≈≈≈.>.≈≈≈≈≈≈..# .#
≈≈≈≈≈...≈≈≈≈≈≈..### ..#
≈≈≈≈≈≈≈≈≈≈≈≈≈.....##..#
..≈≈≈≈≈≈≈≈≈....##..y.y####
....≈≈≈≈≈......###...y....
.....).........##.....####
#..#.###.##...##...#..#


You could see a killer bee.

Vanquished Creatures
  An ogre (D:4)
  A phantom (D:3)
  2 killer bees (D:4)
  A jelly (D:4)
  A bullfrog skeleton (D:3)
  A centaur skeleton (D:4)
  Natasha (twice) (D:3)
  2 orc wizards (D:4)
  Robin (D:3)
  A howler monkey skeleton (D:4)
  6 adders
  An ooze (D:1)
  An adder skeleton (D:4)
  2 worms (D:2)
  2 dart slugs (D:1)
  4 leopard geckos
  6 orcs
  7 giant cockroaches
  19 goblins
  9 hobgoblins
  3 jackals (D:4)
  2 quokkas
  8 bats
  4 frilled lizards
  7 kobolds
  A leopard gecko skeleton (D:4)
  6 rats
101 creatures vanquished.

Notes
Turn   | Place    | Note
-------+----------+-------------------------------------------
     0 | D:1      | DrKleor the Formicid Fighter began the quest for the Orb.
     0 | D:1      | Reached XP level 1. HP: 18/18 MP: 1/1
    93 | D:1      | Reached XP level 2. HP: 24/24 MP: 2/2
   336 | D:1      | Reached XP level 3. HP: 30/30 MP: 3/3
   546 | D:1      | Reached skill level 3 in Long Blades
   897 | D:2      | Reached XP level 4. HP: 34/37 MP: 4/4
  1499 | D:3      | Noticed Robin
  1520 | D:3      | Killed Robin
  1520 | D:3      | Reached XP level 5. HP: 41/43 MP: 5/5
  1740 | D:3      | Reached skill level 5 in Fighting
  1791 | D:3      | Noticed Natasha
  1796 | D:3      | Killed Natasha
  1796 | D:3      | Reached skill level 4 in Long Blades
  1799 | D:3      | Noticed a phantom
  1812 | D:3      | Found an ancient bone altar of Kikubaaqudgha.
  1853 | D:3      | Killed a phantom
  1853 | D:3      | Reached skill level 5 in Long Blades
  1853 | D:3      | Reached XP level 6. HP: 32/51 MP: 6/6
  2323 | D:3      | Noticed Natasha
  2341 | D:3      | Killed Natasha
  2682 | D:4      | Reached skill level 6 in Long Blades
  2682 | D:4      | Reached XP level 7. HP: 55/56 MP: 7/7
  3314 | D:4      | Found a staircase to the Ecumenical Temple.
  3323 | Temple   | Entered the Ecumenical Temple
  3591 | D:4      | Reached skill level 7 in Long Blades
  3781 | D:4      | HP: 1/56 [killer bee (3)]
  3785 | D:4      | Slain by a killer bee

Levels and vault maps discovered:
D:1:      saegor_arrival_simple_b, layout_loops_cross, moated_statue,
          minmay_misc_feat_rows, dk_noncrumbling_3
D:2:      layout_basic, bh_walls_and_bars
D:3:      layout_basic, lemuel_coloured_pillars_altar, uniq_natasha, uniq_robin
D:4:      layout_layer_cave, temple_pool_b, guppyfry_early_lair_pool,
          uniq_duvessa
Temple:   dpeg_chambers_temple

Skill      XL: |  1  2  3  4  5  6  7 |
---------------+----------------------+-----
Fighting       | 4 5 |  5.0
Long Blades    | 3 5 6 7 |  7.3
Armour         | |  3.2
Shields        | |  3.6

Action                   |  1- 3 |  4- 6 |  7- 9 || total
-------------------------+-------+-------+-------++-------
Melee: Long sword        |   118 |   220 |    61 ||   399
 Abil: Dig               |       |     2 |     2 ||     4
  Use: Potion            |       |       |     3 ||     3
  Eat: Chunk             |       |     6 |     3 ||     9
Armor: Scale mail        |    51 |    81 |    23 ||   155
Dodge: Dodged            |    37 |    60 |    24 ||   121
Block: Shield            |    52 |    99 |    19 ||   170
       Rpst.: Long sword |    10 |    22 |    13 ||    45
